| TOP OF THE 1ST |
|
Salem-Keizer Volcanoes batting - Pitching for Rome Braves : LHP Juan Ramirez
|
|
Pitching: LHP Juan Ramirez
|
|
|
Batting: RHB Danny Gallo
|
0-0: Ground out 6-3 (Groundball, 56D, EV 90.0 MPH)
|
|
Batting: RHB Lucan Esini
|
0-0: Ball 1-0: Ball 2-0: Ball 3-0: Base on Balls
|
|
Batting: RHB Justin Baldwin
|
0-0: Ball Lucan Esini is caught stealing 2nd base 2-4 1-0: Ball 2-0: Hit by Pitch
|
|
Batting: RHB Mike Buchanan
|
0-0: Called Strike 0-1: Swinging Strike 0-2: Ball 1-2: Foul Ball, location: 2F 1-2: Strikes out swinging
|
| Top of the 1st over - 0 runs, 0 hits, 0 errors, 1 left on base; Salem-Keizer 0 - Rome 0 |
| BOTTOM OF THE 1ST |
|
Rome Braves batting - Pitching for Salem-Keizer Volcanoes : RHP Dan Post
|
|
Pitching: RHP Dan Post
|
|
|
Batting: LHB J.P. Olson
|
0-0: Called Strike 0-1: Called Strike 0-2: Strikes out swinging
|
|
Batting: RHB Brandon Burrell
|
0-0: Swinging Strike 0-1: Ball 1-1: Ground out 6-3 (Groundball, 6, EV 85.0 MPH)
|
|
Batting: LHB Curt Nelson
|
0-0: Ball 1-0: Foul Ball, location: 2F 1-1: Ball 2-1: Swinging Strike 2-2: Ball 3-2: Foul Ball, location: 2F 3-2: Foul Ball, location: 2F 3-2: Foul Ball, location: 2F 3-2: Ground out 5-3 (Groundball, 6S, EV 88.1 MPH)
|
| Bottom of the 1st over - 0 runs, 0 hits, 0 errors, 0 left on base; Salem-Keizer 0 - Rome 0 |
| TOP OF THE 2ND |
|
Salem-Keizer Volcanoes batting - Pitching for Rome Braves : LHP Juan Ramirez
|
|
Batting: LHB Gil Caraveo
|
0-0: Called Strike 0-1: Foul Ball, location: 2F 0-2: SINGLE (Line Drive, 4M, EV 106.9 MPH)
|
|
Batting: RHB Justin Layton
|
0-0: Called Strike Gil Caraveo steals 2nd, throwing error, E2 Gil Caraveo to third 0-1: Ground out 3-1 (Groundball, 13, EV 85.0 MPH) Gil Caraveo scores
|
|
Batting: RHB Pedro Quezada
|
0-0: Ball 1-0: Ball 2-0: Ground out 6-3 (Groundball, 6, EV 108.8 MPH)
|
|
Batting: RHB Willie Sanchez
|
0-0: Ball 1-0: Ball 2-0: Called Strike 2-1: Called Strike 2-2: Ground out 6-3 (Groundball, 6M, EV 86.9 MPH)
|
| Top of the 2nd over - 1 run, 1 hit, 1 error, 0 left on base; Salem-Keizer 1 - Rome 0 |
| BOTTOM OF THE 2ND |
|
Rome Braves batting - Pitching for Salem-Keizer Volcanoes : RHP Dan Post
|
|
Batting: RHB Ike Trout
|
0-0: Ground out 5-3 (Groundball, 56, EV 81.9 MPH)
|
|
Batting: LHB Mike Tenorio
|
0-0: Foul Ball, location: 2F 0-1: SINGLE (Groundball, 56S, EV 70.6 MPH) (infield hit)
|
|
Batting: RHB Badr al Din Ridha
|
0-0: Called Strike 0-1: Ball 1-1: Ball 2-1: Ball 3-1: Called Strike 3-2: Fly out, F9 (Flyball, 9, EV 91.9 MPH)
|
|
Batting: RHB Alex Velasquez
|
0-0: Called Strike 0-1: Ball 1-1: Foul Ball, location: 2F 1-2: SINGLE (Groundball, 34D, EV 101.2 MPH) Mike Tenorio to second Runner from 2nd tries for 3rd, SAFE, throw by RF made to third Alex Velasquez to second
|
|
Batting: RHB Tim Molchan
|
0-0: Ball 1-0: TRIPLE (Flyball, 78XD, EV 113.8 MPH) Mike Tenorio scores Alex Velasquez scores
|
|
Batting: LHB Joe Phillips
|
0-0: Ball 1-0: Ball 2-0: Ball 3-0: Called Strike 3-1: Called Strike 3-2: Foul Ball, location: 2F 3-2: SINGLE (Groundball, 34D, EV 99.4 MPH) Tim Molchan scores
|
|
Batting: LHB J.P. Olson
|
0-0: Ball 1-0: Ball 2-0: Ball 3-0: Base on Balls Joe Phillips to second
|
|
Batting: RHB Brandon Burrell
|
0-0: Foul Ball, location: 2F 0-1: Foul Ball, location: 2F 0-2: Ball 1-2: Ball 2-2: SINGLE (Groundball, 6MD, EV 106.9 MPH) Joe Phillips to third J.P. Olson to second Runner from 3rd tries for Home, throw by CF and OUT! 8-2
|
| Bottom of the 2nd over - 3 runs, 5 hits, 0 errors, 2 left on base; Salem-Keizer 1 - Rome 3 |
| TOP OF THE 3RD |
|
Salem-Keizer Volcanoes batting - Pitching for Rome Braves : LHP Juan Ramirez
|
|
Batting: RHB Ryan Johnston
|
0-0: Called Strike 0-1: Ball 1-1: Ball 2-1: Foul Ball, location: 2F 2-2: Ground out 6-3 (Groundball, 6, EV 83.8 MPH)
|
|
Batting: RHB Danny Gallo
|
0-0: Ball 1-0: Ground out 6-3 (Groundball, 6S, EV 77.5 MPH)
|
|
Batting: RHB Lucan Esini
|
0-0: Ball 1-0: Ball 2-0: Ball 3-0: Base on Balls
|
|
Batting: RHB Justin Baldwin
|
0-0: Called Strike 0-1: Ball 1-1: Ball 2-1: Ball 3-1: Called Strike Lucan Esini steals 2nd base 3-2: Foul Ball, location: 2F 3-2: Strikes out swinging
|
| Top of the 3rd over - 0 runs, 0 hits, 0 errors, 1 left on base; Salem-Keizer 1 - Rome 3 |
| BOTTOM OF THE 3RD |
|
Rome Braves batting - Pitching for Salem-Keizer Volcanoes : RHP Dan Post
|
|
Batting: LHB Curt Nelson
|
0-0: Ball 1-0: Called Strike 1-1: Ball 2-1: Foul Ball, location: 2F 2-2: Ball 3-2: Foul Ball, location: 2F 3-2: Foul Ball, location: 2F 3-2: Foul Ball, location: 2F 3-2: Ground out 4-3 (Groundball, 4, EV 106.2 MPH)
|
|
Batting: RHB Ike Trout
|
0-0: Ground out 5-3 (Groundball, 56, EV 85.6 MPH)
|
|
Batting: LHB Mike Tenorio
|
0-0: Foul Ball, location: 2F 0-1: Fly out, F9 (Flyball, 89D, EV 105.6 MPH)
|
| Bottom of the 3rd over - 0 runs, 0 hits, 0 errors, 0 left on base; Salem-Keizer 1 - Rome 3 |
| TOP OF THE 4TH |
|
Salem-Keizer Volcanoes batting - Pitching for Rome Braves : LHP Juan Ramirez
|
|
Batting: RHB Mike Buchanan
|
0-0: TRIPLE (Line Drive, 9D, EV 100.0 MPH)
|
|
Batting: LHB Gil Caraveo
|
0-0: Called Strike 0-1: Fly out, F9 (Line Drive, 9, EV 86.9 MPH)
|
|
Batting: RHB Justin Layton
|
0-0: Ball Steal of home, Mike Buchanan is out 1-0: Called Strike 1-1: Foul Ball, location: 2F 1-2: Ball 2-2: Ball 3-2: Ground out 3-1 (Groundball, 34S, EV 83.8 MPH)
|
| Top of the 4th over - 0 runs, 1 hit, 0 errors, 0 left on base; Salem-Keizer 1 - Rome 3 |
| BOTTOM OF THE 4TH |
|
Rome Braves batting - Pitching for Salem-Keizer Volcanoes : RHP Dan Post
|
|
Batting: RHB Badr al Din Ridha
|
0-0: Swinging Strike 0-1: Ball 1-1: Ball 2-1: Foul Ball, location: 2F 2-2: Strikes out looking
|
|
Batting: RHB Alex Velasquez
|
0-0: Fly out, F9 (Line Drive, 9LM, EV 106.2 MPH)
|
|
Batting: RHB Tim Molchan
|
0-0: Ball 1-0: Called Strike 1-1: Foul Ball, location: 2F 1-2: Foul Ball, location: 2F 1-2: Ball 2-2: Foul Ball, location: 2F 2-2: Ball 3-2: SINGLE (Line Drive, 34, EV 98.8 MPH)
|
|
Batting: LHB Joe Phillips
|
0-0: Ball Tim Molchan is caught stealing 2nd base 2-6
|
| Bottom of the 4th over - 0 runs, 1 hit, 0 errors, 0 left on base; Salem-Keizer 1 - Rome 3 |
| TOP OF THE 5TH |
|
Salem-Keizer Volcanoes batting - Pitching for Rome Braves : LHP Juan Ramirez
|
|
Batting: RHB Pedro Quezada
|
0-0: Called Strike 0-1: Foul Ball, location: 2F 0-2: Foul Ball, location: 2F 0-2: Strikes out looking
|
|
Batting: RHB Willie Sanchez
|
0-0: Called Strike 0-1: Foul Ball, location: 2F 0-2: Foul Ball, location: 2F 0-2: Ball 1-2: Ball 2-2: Ball 3-2: Ground out 5-3 (Groundball, 56S, EV 90.0 MPH)
|
|
Batting: RHB Ryan Johnston
|
0-0: Ball 1-0: Ground out 1-3 (Groundball, 15S, EV 62.5 MPH)
|
| Top of the 5th over - 0 runs, 0 hits, 0 errors, 0 left on base; Salem-Keizer 1 - Rome 3 |
| BOTTOM OF THE 5TH |
|
Rome Braves batting - Pitching for Salem-Keizer Volcanoes : RHP Dan Post
|
|
Batting: LHB Joe Phillips
|
0-0: Foul Ball, location: 2F 0-1: Reached on error, E5 (Groundball, 56, EV 100.6 MPH)
|
|
Pitching: RHP Chase Joy
|
|
|
Batting: LHB J.P. Olson
|
0-0: Called Strike 0-1: Fly out, F9 (Line Drive, 9, EV 94.4 MPH)
|
|
Batting: RHB Brandon Burrell
|
0-0: Called Strike 0-1: Ball 1-1: Fly out, F6 (Flyball, 56D, EV 88.1 MPH)
|
|
Batting: LHB Curt Nelson
|
0-0: Ball 1-0: Swinging Strike 1-1: Foul Ball, location: 2F 1-2: Foul Ball, location: 2F 1-2: Fly out, F7 (Flyball, 7D, EV 106.2 MPH)
|
| Bottom of the 5th over - 0 runs, 0 hits, 1 error, 1 left on base; Salem-Keizer 1 - Rome 3 |
| TOP OF THE 6TH |
|
Salem-Keizer Volcanoes batting - Pitching for Rome Braves : LHP Juan Ramirez
|
|
Batting: RHB Danny Gallo
|
0-0: Ball 1-0: Called Strike 1-1: Swinging Strike 1-2: SINGLE (Groundball, 4MD, EV 103.1 MPH)
|
|
Batting: RHB Lucan Esini
|
0-0: Ball Wild Pitch! Danny Gallo to second 1-0: Ball 2-0: Fly out, F4 (Popup, 34S, EV 73.8 MPH)
|
|
Batting: RHB Justin Baldwin
|
0-0: Ball 1-0: Ball 2-0: Ground out 6-3 (Groundball, 6, EV 107.5 MPH)
|
|
Batting: RHB Mike Buchanan
|
0-0: Ball 1-0: Ball Wild Pitch! Danny Gallo to third 2-0: Swinging Strike 2-1: Ball 3-1: Swinging Strike 3-2: Base on Balls
|
|
Batting: LHB Gil Caraveo
|
0-0: Ball 1-0: Called Strike 1-1: Called Strike 1-2: Foul Ball, location: 2F 1-2: Ball Mike Buchanan is caught stealing 2nd base 2-6
|
| Top of the 6th over - 0 runs, 1 hit, 0 errors, 1 left on base; Salem-Keizer 1 - Rome 3 |
| BOTTOM OF THE 6TH |
|
Rome Braves batting - Pitching for Salem-Keizer Volcanoes : RHP Chase Joy
|
|
Batting: RHB Ike Trout
|
0-0: Ball 1-0: Ball 2-0: Called Strike 2-1: DOUBLE (Line Drive, 7LM, EV 101.2 MPH)
|
|
Batting: LHB Mike Tenorio
|
0-0: Intentional Walk
|
|
Batting: RHB Badr al Din Ridha
|
0-0: Fielders Choice at 2nd, 6-4 (Groundball, 6, EV 100.6 MPH) Ike Trout to third
|
|
Pitching: RHP Lorenzo de Jesus
|
|
|
Batting: RHB Alex Velasquez
|
0-0: Called Strike 0-1: Ball 1-1: Ground out 6-3 (Groundball, 6M, EV 86.9 MPH) Ike Trout scores Badr al Din Ridha to second
|
|
Batting: RHB Tim Molchan
|
0-0: Ball 1-0: Called Strike 1-1: Called Strike 1-2: Fly out, F9 (Flyball, 89D, EV 81.9 MPH)
|
| Bottom of the 6th over - 1 run, 1 hit, 0 errors, 1 left on base; Salem-Keizer 1 - Rome 4 |
| TOP OF THE 7TH |
|
Salem-Keizer Volcanoes batting - Pitching for Rome Braves : LHP Juan Ramirez
|
|
Pitching: RHP Brendan Graham
|
|
|
Batting: LHB Gil Caraveo
|
0-0: Foul Ball, location: 2F 0-1: Ball 1-1: Foul Ball, location: 2F 1-2: Foul Ball, location: 2F 1-2: Ball 2-2: Ball 3-2: Base on Balls
|
|
Batting: RHB Justin Layton
|
0-0: Ball 1-0: Ball 2-0: Foul Ball, location: 2F 2-1: Swinging Strike 2-2: Ball 3-2: Strikes out swinging
|
|
Batting: RHB Pedro Quezada
|
0-0: Ball 1-0: Ball 2-0: Called Strike 2-1: Fly out, F8 (Line Drive, 8RD, EV 97.5 MPH)
|
|
Batting: RHB Willie Sanchez
|
0-0: Called Strike 0-1: Ball 1-1: Called Strike 1-2: Foul Ball, location: 2F 1-2: Ball Gil Caraveo steals 2nd base 2-2: Ball 3-2: DOUBLE (Line Drive, 78D, EV 107.5 MPH) Gil Caraveo scores
|
|
Batting: RHB Ryan Johnston
|
0-0: Ball 1-0: Ground out 6-3 (Groundball, 6, EV 83.1 MPH)
|
| Top of the 7th over - 1 run, 1 hit, 0 errors, 1 left on base; Salem-Keizer 2 - Rome 4 |
| BOTTOM OF THE 7TH |
|
Rome Braves batting - Pitching for Salem-Keizer Volcanoes : RHP Lorenzo de Jesus
|
|
Pitching: RHP Vicente Burger
|
|
|
Batting: LHB Joe Phillips
|
0-0: Swinging Strike 0-1: Fly out, F8 (Flyball, 8LM, EV 81.2 MPH)
|
|
Batting: LHB J.P. Olson
|
0-0: Ball 1-0: Called Strike 1-1: Ground out U3 (Groundball, 34, EV 103.8 MPH)
|
|
Batting: RHB Brandon Burrell
|
0-0: Ball 1-0: Ball 2-0: Ball 3-0: Called Strike 3-1: Called Strike 3-2: Foul Ball, location: 2F 3-2: Strikes out swinging
|
| Bottom of the 7th over - 0 runs, 0 hits, 0 errors, 0 left on base; Salem-Keizer 2 - Rome 4 |
| TOP OF THE 8TH |
|
Salem-Keizer Volcanoes batting - Pitching for Rome Braves : RHP Brendan Graham
|
|
Pitching: RHP Bobby Feig
|
|
|
Now at 2B: Juan Aguilar
|
|
|
Now at 3B: Adrian Billups
|
|
|
Batting: RHB Danny Gallo
|
0-0: Ball 1-0: Called Strike 1-1: Ball 2-1: SINGLE (Groundball, 23, EV 71.9 MPH) (infield hit)
|
|
Pinch Hitting: LHB Pat Aviles
|
0-0: Called Strike 0-1: Called Strike 0-2: Strikes out swinging
|
|
Batting: RHB Justin Baldwin
|
0-0: Swinging Strike 0-1: Called Strike 0-2: Foul Ball, location: 2F 0-2: Ball 1-2: Strikes out swinging
|
|
Batting: RHB Mike Buchanan
|
0-0: Ball 1-0: Ball 2-0: Called Strike 2-1: Foul Ball, location: 2F 2-2: Ball 3-2: Base on Balls Danny Gallo to second
|
|
Batting: LHB Gil Caraveo
|
0-0: Ball 1-0: Swinging Strike 1-1: Ball 2-1: Fly out, F9 (Line Drive, 9D, EV 91.9 MPH)
|
| Top of the 8th over - 0 runs, 1 hit, 0 errors, 2 left on base; Salem-Keizer 2 - Rome 4 |
| BOTTOM OF THE 8TH |
|
Rome Braves batting - Pitching for Salem-Keizer Volcanoes : RHP Vicente Burger
|
|
Pitching: RHP Peter Ellis
|
|
|
Now in RF: Pat Aviles
|
|
|
Batting: LHB Curt Nelson
|
0-0: Foul Ball, location: 2F 0-1: Ball 1-1: Swinging Strike 1-2: Strikes out looking
|
|
Batting: RHB Ike Trout
|
0-0: Ball 1-0: Foul Ball, location: 2F 1-1: Foul Ball, location: 2F 1-2: Strikes out looking
|
|
Batting: LHB Mike Tenorio
|
0-0: Swinging Strike 0-1: Swinging Strike 0-2: Foul Ball, location: 2F 0-2: Ball 1-2: Ball 2-2: Strikes out swinging
|
| Bottom of the 8th over - 0 runs, 0 hits, 0 errors, 0 left on base; Salem-Keizer 2 - Rome 4 |
| TOP OF THE 9TH |
|
Salem-Keizer Volcanoes batting - Pitching for Rome Braves : RHP Bobby Feig
|
|
Pitching: RHP Aaron Shapiro
|
|
|
Now in LF: Javier Rubio
|
|
|
Batting: RHB Justin Layton
|
0-0: Called Strike 0-1: Foul Ball, location: 2F 0-2: Ball 1-2: Strikes out looking
|
|
Batting: RHB Pedro Quezada
|
0-0: Called Strike 0-1: Fly out, F7 (Flyball, 7LM, EV 83.8 MPH)
|
|
Batting: RHB Willie Sanchez
|
0-0: Ball 1-0: Foul Ball, location: 2F 1-1: Ball 2-1: Foul Ball, location: 2F 2-2: Ball 3-2: Base on Balls
|
|
Batting: RHB Ryan Johnston
|
0-0: Ball 1-0: Ball 2-0: Ball 3-0: Called Strike 3-1: Base on Balls Willie Sanchez to second
|
|
Batting: RHB Danny Gallo
|
0-0: Ball 1-0: Foul Ball, location: 2F 1-1: Called Strike 1-2: Foul Ball, location: 2F 1-2: Ball 2-2: Foul Ball, location: 2F 2-2: Foul Ball, location: 2F 2-2: Strikes out looking
|
| Top of the 9th over - 0 runs, 0 hits, 0 errors, 2 left on base; Salem-Keizer 2 - Rome 4 |
|